 Dungeon Crawl Stone Soup version 0.28.0-53-g5a82cb258f (webtiles) character file.

Game seed: 16244519387793826896

341 Sacchan the Chopper (level 6, -1/51 HPs)
             Began as a Palentonga Fighter on May 28, 2022.
             Slain by an orc warrior
             ... wielding a +0 long sword
              (13 damage)
             ... on level 4 of the Dungeon.
             The game lasted 00:07:15 (3947 turns).

Sacchan the Chopper (Palentonga Fighter)            Turns: 3947, Time: 00:07:15

Health: -1/51      AC:  6    Str: 19    XL:     6   Next: 30%
Magic:  6/6        EV:  7    Int:  8    God:
Gold:   78         SH:  4    Dex: 12    Spells: 5/5 levels left

rFire   . . .      SeeInvis +   a - +0 war axe
rCold   . . .      Faith    .   c - +0 buckler
rNeg    . . .      Spirit   .   b - +0 scale mail
rPois   .          Reflect  .   (no helmet)
rElec   .          Harm     .   (no cloak)
rCorr   .          Rampage  .   (no gloves)
Will    .....                   (no barding)
Stlth   ..........              (no amulet)
HPRegen 0.17/turn               (no ring)
MPRegen 0.10/turn               (no ring)

@: no status effects
A: large, rugged brown scales 3, see invisible, deformed body, roll 1, armoured
tail
a: Rolling Charge


You were on level 4 of the Dungeon.
You visited 1 branch of the dungeon, and saw 4 of its levels.

You collected 78 gold pieces.

Inventory:

Hand Weapons
 a - a +0 war axe (weapon)
Missiles
 i - 88 stones
Armour
 b - a +0 scale mail (worn)
 c - a +0 buckler (worn)
Jewellery
 e - a ring of magical power
 g - a ring of fire
Scrolls
 f - a scroll of fog {unknown}
 h - 2 scrolls of identify {unknown}
 j - a scroll of noise {unknown}
 k - 2 scrolls of teleportation {unknown}
 l - a scroll of amnesia {unknown}
 m - a scroll of summoning {unknown}
 n - a scroll of enchant weapon {unknown}
Potions
 d - 2 potions of might


   Skills:
 + Level 4.0 Fighting
 * Level 4.3 Axes
 + Level 1.4 Throwing
 + Level 3.2 Armour
 + Level 3.2 Shields


You had 5 spell levels left.
You didn't know any spells.
Your spell library contained the following spells:

 Spells                   Type           Power      Damage    Failure   Level
 Frozen Ramparts          Ice            0%         1d2       99%         3
 Ice Form                 Ice/Tmut       0%         N/A       100%        4
 Summon Ice Beast         Ice/Summ       0%         N/A       100%        4
 Freezing Cloud           Conj/Ice/Air   0%         6-21      100%        5
 Simulacrum               Ice/Necr       0%         N/A       100%        6
 Polar Vortex             Ice            0%         N/A       100%        9


Dungeon Overview and Level Annotations

Branches:
Dungeon (4/15)
 Temple: D:4-7

Altars:

Shops:
D:1 :

Annotations:
D:4 Blork the orc


Innate Abilities, Weirdness & Mutations

You are completely covered in rugged brown scales. (AC +3, +7% HP)
You have supernaturally acute eyesight. (SInv)
Armour fits poorly on your strangely shaped body.
You can roll at nearby foes to attack.
You have a long armoured tail.


Message History

The orc hits you with a +0 hand axe.
You barely miss the orc. The orc closely misses you.
The orc hits you with a +0 hand axe.
You slash the orc!
You kill the orc!
You see here a +0 hand axe.
There is an open door here.
An orc warrior is nearby!
You don't know any spells.
The orc warrior shouts!
You hear a shout! x3
There is an open door here.
You see here a +0 hand axe.
Okay, then.
You hit the orc warrior.
The orc warrior is lightly wounded.
The orc warrior hits you with a +0 long sword!
The orc warrior barely misses you.
You hit the orc warrior but do no damage.
The orc warrior is lightly wounded.
The orc warrior hits you with a +0 long sword!
You barely miss the orc warrior.
The orc warrior is lightly wounded.
The orc warrior hits you with a +0 long sword!
* * * LOW HITPOINT WARNING * * *
Things that are here:
a +0 dagger; a goblin corpse You block the orc warrior's attack.
Things that are here:
a +0 short sword; 6 poisoned darts; a kobold corpse
There is a stone staircase leading up here.
Roll where?
Press: ? - help, Q - select action, (/) - cycle Dir - move target, f - orc warrior
Aim: an orc warrior, wielding a +0 long sword and wearing a +0 plate armour (lightly wounded)
You roll forward with a clatter of scales!
You slash the orc warrior!
The orc warrior is heavily wounded.
The orc warrior hits you with a +0 long sword!
* * * LOW HITPOINT WARNING * * *
The orc warrior hits you with a +0 long sword!
You die...

### #..##.. ##.# #### ###....
##..# #..######...##. ##...#
#.....#...####. . ##....##
#......### ##
...##+##......## #.......## #
...............#####........#
#
#####.###.......##..#.......#
. #..........○@o####......# .
#####........## #......# .##
#........# ##....## ....###
#....###.# ##..##
#....##..### ### ####
#####....## #.......####
......^....####
..............##


You could see an orc warrior.

Vanquished Creatures
  2 orc priests
  A jelly (D:3)
  2 bullfrog skeletons (D:4)
  Jessica (D:2)
  2 orc wizards
  5 adders
  An adder skeleton (D:4)
  A dart slug (D:1)
  7 orcs
  4 bats
  4 endoplasms
  6 giant cockroaches
  7 goblins
  6 hobgoblins
  5 kobolds
  2 quokkas
  5 ball pythons
  3 frilled lizards
  5 rats
69 creatures vanquished.

Notes
Turn   | Place    | Note
-------+----------+-------------------------------------------
     0 | D:1      | Sacchan the Palentonga Fighter began the quest for the Orb.
     0 | D:1      | Reached XP level 1. HP: 19/19 MP: 1/1
   124 | D:1      | You fall into a shaft and drop 1 floor!
   180 | D:1      | Reached XP level 2. HP: 22/25 MP: 2/2
   368 | D:1      | Found Runac's Book Boutique.
  1470 | D:2      | Noticed Jessica
  1471 | D:2      | Killed Jessica
  1472 | D:2      | Reached XP level 3. HP: 31/31 MP: 3/3
  1945 | D:3      | Reached XP level 4. HP: 34/37 MP: 4/4
  2171 | D:3      | Reached XP level 5. HP: 32/43 MP: 5/5
  2189 | D:3      | Reached skill level 1 in Throwing
  2821 | D:4      | Noticed Blork the orc
  2821 | D:4      | Noticed an orc warrior
  3522 | D:4      | Reached XP level 6. HP: 50/51 MP: 6/6
  3947 | D:4      | Slain by an orc warrior

Illustrated notes

Levels and vault maps discovered:
D:1:      saegor_arrival_fortress, layout_loops_ring, serial_forest,
          infiniplex_forest_lined_2, infiniplex_forest_straight_2,
          infiniplex_forest_straight_2, infiniplex_forest_lined_3,
          infiniplex_forest_straight_2, infiniplex_forest_clump_C,
          infiniplex_forest_corner_1, infiniplex_forest_corner_1,
          infiniplex_forest_straight_3, serial_shops, shop
D:2:      wad_lake_hut, layout_basic, uniq_jessica
D:3:      layout_rooms
D:4:      layout_cave_pods, wad_orctagon, uniq_blork_the_orc

Skill      XL: |  1  2  3  4  5  6 |
---------------+-------------------+-----
Axes           | 3 4 |  4.3
Throwing       | 1 |  1.4
Armour         | 3 |  3.2
Shields        | 3 |  3.2
Fighting       | 4 |  4.0

Action                   |  1- 3 |  4- 6 || total
-------------------------+-------+-------++-------
Melee: War axe           |    91 |   109 ||   200
       Tailslap          |     3 |    12 ||    15
 Abil: Rolling Charge    |       |     5 ||     5
  Use: Potion            |       |     2 ||     2
Armor: Scale mail        |    60 |    31 ||    91
       Skin              |       |    27 ||    27
Dodge: Dodged            |    31 |    33 ||    64
Block: Buckler           |    24 |    22 ||    46
